 Dungeon Crawl Stone Soup version 0.24-a0-252-g5076262 (webtiles) character file.

Game seed: 12254875213731496912

83 Borgoz the Cutter (level 4, 0/43 HPs)
             Began as a Kobold Berserker on Apr 17, 2019.
             Was a Believer of Trog.
             Slain by a goblin
             ... wielding a +0 dagger
             ... led by Robin
              (4 damage)
             ... on level 3 of the Dungeon.
             The game lasted 00:02:01 (1733 turns).

Borgoz the Cutter (Kobold Berserker)                Turns: 1733, Time: 00:02:02

Health: 0/43       AC:  3    Str: 19    XL:     4   Next: 71%
Magic:  4/4        EV: 15    Int:  8    God:    Trog [**....]
Gold:   67         SH:  0    Dex: 15    Spells: 3/3 levels left

rFire    . . .     SeeInvis .   a - +0 short sword
rCold    . . .     Gourm    .   (shield restricted)
rNeg     . . .     Faith    .   b - +0 animal skin
rPois    .         Spirit   .   (no helmet)
rElec    .         Reflect  .   (no cloak)
rCorr    .         Harm     .   (no gloves)
MR       .....                  f - +0 pair of boots
Stlth    ..........             (no amulet)
HPRegen  0.14/turn              (no ring)
MPRegen  0.09/turn              (no ring)

@: berserking, very quick
A: small, carnivore
a: Berserk, Trog's Hand, Renounce Religion


You were on level 3 of the Dungeon.
You worshipped Trog.
Trog was pleased with you.
You were full.

You visited 1 branch of the dungeon, and saw 3 of its levels.

You collected 67 gold pieces.

Inventory:

Hand Weapons
 a - a +0 short sword (weapon)
Armour
 b - a +0 animal skin (worn)
 f - a +0 pair of boots (worn)
Scrolls
 d - a scroll of teleportation {unknown}
 g - 5 scrolls of identify {unknown}
 h - a scroll of remove curse {unknown}
 i - a scroll of amnesia {unknown}
 j - 3 scrolls of enchant weapon {unknown}
 k - 2 scrolls of fear {unknown}
Potions
 e - 2 potions of mutation {unknown}
 l - a potion of lignification {unknown}
Comestibles
 c - 5 rations


   Skills:
 * Level 3.8 Fighting
 * Level 5.9 Short Blades
 + Level 1.8 Armour
 + Level 2.7 Dodging
 + Level 0.5 Stealth


You had 3 spell levels left.
You didn't know any spells.
Your spell library was empty.

Dungeon Overview and Level Annotations

Branches:
Dungeon (3/15)

Altars:
Ru

Annotations:
D:3 Robin


Innate Abilities, Weirdness & Mutations

You are small and have problems with some larger weapons.
You are carnivorous and can eat meat at any time.


Message History

You hit the goblin.
The goblin is severely wounded.
The goblin hits you with a +0 dagger.
You barely miss the goblin.
The goblin is severely wounded.
The goblin barely misses you.
You barely miss the goblin. The goblin misses you.
The goblin closely misses you.
You barely miss the goblin. The goblin hits you with a +0 club.
The goblin barely misses you.
You closely miss the goblin. The goblin hits you with a +0 dagger.
* * * LOW HITPOINT WARNING * * *
The goblin misses you.
You barely miss the goblin. The goblin misses you.
The goblin hits you with a +0 dagger.
* * * LOW HITPOINT WARNING * * *
You barely miss the goblin. Robin hits you with a +0 short sword!
* * * LOW HITPOINT WARNING * * *
The goblin hits you with a +0 dagger.
You die...

#..
#.##
#..##
#...###
<.....
#...#
#..#
###g###
#g@g..#
#ggg#.#
#..##.#
#g.# #
....
#.#.#
#.#.#
#.#.#


You could see Robin and 6 goblins.

Vanquished Creatures
  4 adders (D:2)
  2 worms (D:2)
  2 dart slugs (D:2)
  A giant cockroach (D:2)
  4 goblins
  5 hobgoblins
  3 jackals (D:2)
  A quokka (D:2)
  5 bats
  3 frilled lizards
  2 kobolds (D:2)
  5 rats
37 creatures vanquished.

Notes
Turn   | Place    | Note
-------+----------+-------------------------------------------
     0 | D:1      | Borgoz the Kobold Berserker began the quest for the Orb.
     0 | D:1      | Reached XP level 1. HP: 14/14 MP: 1/1
   611 | D:1      | Reached XP level 2. HP: 19/19 MP: 2/2
  1040 | D:2      | Found a sacrificial altar of Ru.
  1104 | D:2      | Reached XP level 3. HP: 19/24 MP: 3/3
  1110 | D:2      | Reached ** piety under Trog
  1150 | D:2      | Reached skill level 5 in Short Blades
  1238 | D:2      | Reached XP level 4. HP: 24/29 MP: 4/4
  1717 | D:3      | Noticed Robin
  1733 | D:3      | Slain by a goblin

Levels and vault maps discovered:
D:1:      dpeg_arrival_circle_labyrinth_c, layout_basic
D:2:      layout_rooms, lemuel_doored_altar, first_ration
D:3:      layout_loops_corners, grunt_ministairs_10, uniq_terence, uniq_robin,
          uniq_sigmund

Skill      XL: |  1  2  3 |
---------------+----------+-----
Short Blades   | 5 |  5.9
Fighting       | |  3.8
Armour         | |  1.8
Dodging        | |  2.7
Stealth        | |  0.5

Action                   |  1- 3 |  4- 6 || total
-------------------------+-------+-------++-------
Melee: Short sword       |   124 |    46 ||   170
Invok: Berserk           |     1 |     1 ||     2
 Stab: Sleeping          |       |     2 ||     2
  Eat: Chunk             |     5 |     4 ||     9
Armor: Animal skin       |    38 |     1 ||    39
Dodge: Dodged            |   143 |    31 ||   174

Table legend:
 A = Non-vault XP
 B = Vault XP
 C = Vault XP percentage of total XP
 D = Non-vault monster count
 E = Vault monster count
 F = Vault count percentage of total count
                 A         B        C        D         E       F
            +---------+---------+-------+---------+---------+-------
      Total |     115 |       4 |   3.4 |      35 |       2 |   5.4
            +---------+---------+-------+---------+---------+-------
        D:1 |       9 |       0 |   0.0 |       7 |       0 |   0.0
        D:2 |     106 |       0 |   0.0 |      28 |       0 |   0.0
        D:3 |       0 |       4 | 100.0 |       0 |       2 | 100.0
            +---------+---------+-------+---------+---------+-------
